 Dungeon Crawl Stone Soup version 0.17-a0-2127-g1cb09f6 (webtiles) character file.

699 znidz the Covert (level 7, 0/34 HPs)
             Began as a Spriggan Assassin on Oct 23, 2015.
             Was a Follower of Yredelemnul.
             Killed by divine providence
             ... invoked by an orc priest
              (16 damage)
             ... on level 5 of the Dungeon.
             The game lasted 00:29:13 (6076 turns).

znidz the Covert (Spriggan Assassin)                Turns: 6076, Time: 00:29:13

Health: 0/34       AC:  1    Str: 10    XL:     7   Next: 38%
Magic:  8/8        EV: 18    Int: 18    God:    Yredelemnul [*.....]
Gold:   92         SH:  0    Dex: 20    Spells: 1 memorised, 5 levels left

rFire  . . .     SeeInvis +     b - +0 blowgun
rCold  . . .     Clarity  .     u - -2 robe (curse)
rNeg   . . .     SustAt   .     (shield restricted)
rPois  .         Gourm    .     (helmet restricted)
rElec  .         Spirit   .     d - +0 cloak
rCorr  .         Warding  .     (gloves unavailable)
rMut   .         Stasis   .     (boots unavailable)
MR     +....                    s - amulet of faith
Stlth  +++++.....               F - +6 ring of intelligence
                                n - +3 ring of strength

@: very quick, somewhat resistant to hostile enchantments, quite stealthy
A: unfitting armour, see invisible, herbivore 3, speed 3, slow metabolism 2
a: Animate Remains, Renounce Religion


You were on level 5 of the Dungeon.
You worshipped Yredelemnul.
Yredelemnul was aware of your devotion.
You were not hungry.

You visited 1 branch of the dungeon, and saw 5 of its levels.

You collected 92 gold pieces.

Inventory:

Hand Weapons
 a - a +2 dagger
 b - a +0 blowgun (weapon)
Missiles
 f - 2 curare-tipped needles
 j - 7 poisoned needles (quivered)
 k - 15 needles of confusion
Armour
 c - a +0 robe
 d - a +0 cloak (worn)
 u - a cursed -2 robe (worn)
 y - a +0 cloak
Jewellery
 n - a +3 ring of strength (left hand)
 s - an amulet of faith (around neck)
 x - an uncursed amulet of regeneration {unknown}
 F - a +6 ring of intelligence (right hand)
Wands
 i - a wand of fire (2)
Scrolls
 e - a scroll of fog
 r - a scroll of recharging
 v - a scroll of random uselessness {unknown}
 B - a scroll of amnesia
 C - a scroll of teleportation
Potions
 h - 2 potions of brilliance {unknown}
 l - 2 potions of agility
 m - a potion of mutation {unknown}
 o - 2 potions of poison {unknown}
 p - a potion of heal wounds {unknown}
 q - 2 potions of cancellation {unknown}
 t - a potion of curing {unknown}
 w - a potion of degeneration {unknown}
 z - a potion of berserk rage {unknown}
Books
 E - a book of Frost

   Spells                             Type                      Level
   a - Freeze                         Ice                          1
   b - Throw Frost                    Conjuration/Ice              2
   c - Ozocubu's Armour               Charms/Ice                   3
   d - Throw Icicle                   Conjuration/Ice              4
   e - Summon Ice Beast               Ice/Summoning                4
   f - Condensation Shield            Ice                          4
Comestibles
 g - 3 bread rations
 D - 3 fruits


   Skills:
 + Level 1.7 Fighting
 + Level 2.2 Short Blades
 + Level 7.0 Throwing
 + Level 2.8 Dodging
 + Level 8.6 Stealth


You had 5 spell levels left.
You knew the following spells:

 Your Spells              Type           Power        Failure   Level  Hunger
a - Freeze                Ice            #...         21%         1    ##.....


Dungeon Overview and Level Annotations

Branches:
Dungeon (5/15)             Temple (0/1) D:4

Altars:
Elyvilon
Makhleb
Okawaru
Vehumet
Yredelemnul

Annotations:
D:5 Pikel


Innate Abilities, Weirdness & Mutations

You are tiny and cannot use many weapons and most armour.
You have supernaturally acute eyesight.
You are a herbivore.
You cover ground extremely quickly.
You need consume almost no food.


Message History

The slave is severely wounded.
The orc priest mumbles some strange prayers to Beogh against you.
Something smites you!
Firing (i - inventory. (,) - cycle):
j - 9 poisoned needles (quivered)
Press: ? - help, Shift-Dir - straight line, f/p - slave
Aim: a slave, wearing an animal skin (severely wounded, poisoned)
You shoot a poisoned needle. The poisoned needle hits the slave.
The slave looks even sicker.
The slave is severely wounded.
You kill the slave!
That felt strangely unrewarding.
Firing (i - inventory. (,) - cycle):
j - 8 poisoned needles (quivered)
Press: ? - help, Shift-Dir - straight line, f/p - slave
Aim: a slave, wearing an animal skin (almost dead, poisoned)
You shoot a poisoned needle.
The poisoned needle barely misses the slave.
The orc priest mumbles some strange prayers to Beogh against you.
Something smites you!
You die...
Your body rises from the dead as a mindless zombie.

.# #.# .# . ####.#
##.#.. #
##....#######..#..
#..####.....##.........o
.............#.....$.#.#
#.@.....o.......#(.
#...po.K.o......(..
##....((.(.(..(.#.#
##.....p..<...?...
####........###..
#.....(...# #
......###### .#....##
.......#


You could see Pikel, 2 slaves, 2 orc priests and an orc.

Vanquished Creatures
  Sigmund (D:3)
  A slave (D:5)
  2 hounds (D:4)
  Ijyb (D:3)
  2 orc wizards (D:3)
  5 worker ants (D:4)
  2 iguanas (D:4)
  7 gnolls (D:2)
  8 adders
  4 worms
  4 giant geckos
  7 orcs (D:3)
  5 giant cockroaches
  5 hobgoblins
  6 jackals
  A quokka (D:2)
  2 ball pythons
  4 bats
  A giant gecko skeleton (D:4)
  3 giant newts
  6 goblins
  4 kobolds
  A quokka skeleton (D:3)
  10 rats
92 creatures vanquished.

Notes
Turn   | Place    | Note
--------------------------------------------------------------
     0 | D:1      | znidz the Spriggan Assassin began the quest for the Orb.
     0 | D:1      | Reached XP level 1. HP: 10/10 MP: 2/2
    45 | D:1      | Reached skill level 6 in Stealth
    99 | D:1      | Reached XP level 2. HP: 14/14 MP: 3/3
   664 | D:1      | You fall through a shaft!
   809 | D:2      | Reached XP level 3. HP: 18/18 MP: 4/4
   831 | D:2      | Reached skill level 7 in Stealth
  1024 | D:2      | Reached XP level 4. HP: 3/22 MP: 5/5
  2155 | D:2      | Found a basalt altar of Yredelemnul.
  2201 | D:2      | Became a worshipper of Yredelemnul the Dark
  2261 | D:2      | Found a burning altar of Makhleb.
  2262 | D:2      | Found a radiant altar of Vehumet.
  2477 | D:3      | Noticed Ijyb
  2486 | D:3      | Killed Ijyb
  2486 | D:3      | Reached XP level 5. HP: 6/25 MP: 6/6
  3238 | D:3      | Noticed Sigmund
  3288 | D:3      | Killed Sigmund
  3288 | D:3      | Reached skill level 5 in Throwing
  3288 | D:3      | Reached XP level 6. HP: 10/30 MP: 7/7
  3675 | D:3      | Reached skill level 8 in Stealth
  3823 | D:3      | Found an iron altar of Okawaru.
  3860 | D:3      | Reached * piety under Yredelemnul
  4174 | D:4      | Found a glowing drain.
  4249 | D:4      | Found a white marble altar of Elyvilon.
  4273 | D:4      | Found a staircase to the Ecumenical Temple.
  4646 | D:4      | Reached XP level 7. HP: 34/34 MP: 8/8
  5945 | D:4      | Learned a level 1 spell: Freeze
  6049 | D:5      | Entered Level 5 of the Dungeon
  6054 | D:5      | Noticed Pikel
  6076 | D:5      | Killed from afar by an orc priest

Vault maps used:
D:1:      minmay_arrival_open_corners
D:2:      grunt_temple_overflow_open, yredelemnul_altar_generic, first_bread,
          hangedman_abyss_or_decor_lesser_grid, corexii_corridor_pit
D:3:      overflow_temple_1_default, nicolae_underground_beach, uniq_sigmund,
          uniq_iyjb
D:4:      kennysheep_little_box, minmay_temple_entry_statues_fountains,
          gup_sewer_entry_glass
D:5:      grunt_temple_overflow_gold_and_silver, uniq_pikel,
          uniq_crazy_yiuf_cottage

Action                   |  1- 3 |  4- 6 |  7- 9 || total
-------------------------+-------+-------+-------++-------
Melee: Dagger            |     1 |     6 |       ||     7
 Fire: Blowgun           |   143 |   236 |    87 ||   466
Invok: Animate Remains   |       |       |     1 ||     1
  Use: Scroll            |       |     6 |     1 ||     7
 Stab: Sleeping          |    26 |    22 |     7 ||    55
       Distracted        |     1 |     2 |       ||     3
  Eat: Bread ration      |       |     1 |       ||     1
